 Dungeon Crawl Stone Soup version 0.24.0-1-gfbc8707 (webtiles) character file.

Game seed: 17471480571746124773, levelgen mode: deterministic

11129 Fang the Fighter (level 11, -5/73 HPs)
             Began as a Gargoyle Berserker on Oct 25, 2019.
             Was a High Priest of Trog.
             Killed from afar by a manticore (11 damage)
             ... with a volley of spikes
             ... on level 11 of the Dungeon.
             The game lasted 00:14:34 (9195 turns).

Fang the Fighter (Gargoyle Berserker)               Turns: 9195, Time: 00:14:35

Health: -5/73      AC: 34    Str: 25    XL:     11   Next: 72%
Magic:  20/20      EV:  8    Int:  7    God:    Trog [*****.]
Gold:   758        SH:  0    Dex: 13    Spells: 10/10 levels left

rFire    . . .     SeeInvis .   a - +1 war axe
rCold    + . .     Gourm    .   (no shield)
rNeg     + + .     Faith    .   b - +0 crystal plate armour
rPois    ∞         Spirit   .   (no helmet)
rElec    +         Reflect  .   (no cloak)
rCorr    .         Harm     .   i - +1 pair of gloves
MR       .....                  (no boots)
Stlth    ..........             (no amulet)
HPRegen  0.22/turn              A - +4 ring of protection
MPRegen  0.17/turn              D - ring of Fil Luqu {rElec rC+ rN+ MP+9 Dex+4}

@: barbed spikes, berserk cooldown, slowed, very slow
A: negative energy resistance 1, electricity resistance, unbreathing,
petrification resistance, rot immunity, AC +8
a: Berserk, Trog's Hand, Brothers in Arms, Renounce Religion


You were on level 11 of the Dungeon.
You worshipped Trog.
Trog was extremely pleased with you.
You were near starving.

You visited 2 branches of the dungeon, and saw 12 of its levels.

You collected 758 gold pieces.

Inventory:

Hand Weapons
 a - a +1 war axe (weapon)
Armour
 b - a +0 crystal plate armour (worn)
 i - a +1 pair of gloves (worn)
Jewellery
 k - an uncursed ring of protection from magic {unknown}
 u - an uncursed ring of protection from fire
 v - an uncursed ring of flight
 A - a +4 ring of protection (left hand)
 D - the ring of Fil Luqu (right hand) {rElec rC+ rN+ MP+9 Dex+4}
   (You found it on level 9 of the Dungeon)

   [ring of protection from cold]

   It affects your dexterity (+4).
   It protects you from cold.
   It insulates you from electricity.
   It protects you from negative energy.
   It affects your magic capacity (+9).
Wands
 l - a wand of disintegration (10)
 m - a wand of iceblast (10)
 w - a wand of flame (15)
 C - a wand of random effects (29)
Scrolls
 e - 2 scrolls of identify
 f - a scroll of fear
 g - 2 scrolls of immolation
 n - 5 scrolls of remove curse
 o - 2 scrolls of blinking
 t - 3 scrolls of fog
 y - a scroll of magic mapping
Potions
 h - 5 potions of curing
 p - a potion of invisibility
 q - 2 potions of heal wounds
 r - 4 potions of agility
 s - 2 potions of haste
 x - a potion of resistance
 z - a potion of ambrosia
 B - 2 potions of mutation
 E - a potion of might {unknown}
Comestibles
 c - 6 rations
 j - 9 chunks of flesh


   Skills:
 * Level 10.7 Fighting
 * Level 9.1 Axes
 + Level 10.0 Armour
 + Level 7.7 Dodging


You had 10 spell levels left.
You didn't know any spells.
Your spell library was empty.

Dungeon Overview and Level Annotations

Branches:
Dungeon (11/15)            Temple (1/1) D:5            Lair (0/6) D:9
    Orc: D:9-12

Altars:
Ashenzari
Cheibriados
Dithmenos
Fedhas
Kikubaaqudgha
Ru
Trog
Vehumet
Zin
The Shining One

Shops:
D:5 :


Innate Abilities, Weirdness & Mutations

You are resistant to torment.
Your stone body is resilient. (AC +8)
You are immune to poison.
You resist negative energy. (rN+)
You are resistant to electric shocks. (rElec)
You can survive without breathing.
You are immune to petrification.
You are immune to rotting.


Message History

The orc wizard mumbles some strange words.
The orc wizard blinks!
The orc warrior hits you but does no damage.
Your surroundings suddenly seem different.
Your skin stops crawling.
You feel less resistant to hostile enchantments.
A manticore comes into view.
The manticore flicks its tail.
The volley of spikes hits you!
The barbed spikes become lodged in your body.
* * * LOW HITPOINT WARNING * * *
Eat one of 10 chunks of flesh? (ye/n/q)
You eat one of the 10 chunks of flesh.
This raw flesh tastes terrible.
You are near starving!
The manticore flicks its tail.
The volley of spikes hits you but does no damage.
The manticore flicks its tail.
The volley of spikes hits you!
The barbed spikes become lodged in your body.
You die...

............#..........#........#
............#..........#........#
............#..........#........#
#########################'#######
. . ...............> . ...
................ .
....####..........##....
..H..........##...##....
.......@..........##....
........................
########################


You could see a manticore.

Vanquished Creatures
  Harold (D:9)
  2 two-headed ogres
  An unseen horror (D:10)
  Pikel (D:8)
  Psyche (D:8)
  Grinder (D:5)
  A hippogriff (D:7)
  Sigmund (D:4)
  2 vampires (D:10)
  A wyvern (D:10)
  6 yaks
  2 hungry ghosts
  2 wargs (D:9)
  A water moccasin (D:11)
  2 ice beasts
  A slave (D:8)
  6 orc warriors
  2 sky beasts
  A necrophage (D:8)
  2 black bears
  2 phantoms (D:5)
  2 centaurs
  5 ogres
  A bullfrog (D:6)
  4 big kobolds
  A water moccasin skeleton (D:7)
  3 scorpions
  6 killer bees (D:7)
  2 howler monkeys (D:7)
  10 wights
  2 crimson imps
  3 centaur zombies
  2 bullfrog zombies
  4 hounds
  2 gnoll shamans (D:7)
  4 orc priests
  11 orc wizards
  An iguana (D:11)
  6 worker ants
  3 hound skeletons
  2 hound zombies
  2 worker ant zombies
  A howler monkey skeleton (D:9)
  4 gnolls (D:7)
  14 adders
  3 shadow imps
  An adder skeleton (D:6)
  2 dart slugs (D:1)
  10 leopard geckos
  36 orcs
  5 bats
  3 giant cockroaches
  12 goblins
  16 hobgoblins
  3 jackals
  26 kobolds
  2 quokkas
  2 ball pythons
  7 frilled lizards
  A quokka skeleton (D:6)
  8 rats
  A plant (D:1)
272 creatures vanquished.

Vanquished Creatures (collateral kills)
  The ghost of Fang the Fighter, a novice GrBe of Trog (D:9)
  The ghost of Twasazerg the Zephyrmancer, a novice TeAE of Hepliaklqana (D:9)
2 creatures vanquished.

Vanquished Creatures (others)
  A slave (D:8)
  A worker ant (D:8)
  An adder (D:7)
  2 jackals (D:8)
5 creatures vanquished.

Grand Total: 279 creatures vanquished

Notes
Turn   | Place    | Note
-------+----------+-------------------------------------------
     0 | D:1      | Fang the Gargoyle Berserker began the quest for the Orb.
     0 | D:1      | Reached XP level 1. HP: 14/14 MP: 1/1
    30 | D:1      | Reached XP level 2. HP: 11/19 MP: 2/2
   343 | D:1      | Reached XP level 3. HP: 20/23 MP: 3/3
   346 | D:1      | Reached ** piety under Trog
   845 | D:2      | Reached XP level 4. HP: 29/29 MP: 4/4
   924 | D:2      | Found a bloodstained altar of Trog.
   925 | D:2      | Found a glowing golden altar of the Shining One.
  1214 | D:3      | Found a blossoming altar of Fedhas.
  1221 | D:3      | Reached XP level 5. HP: 33/33 MP: 5/5
  1302 | D:3      | Reached *** piety under Trog
  1526 | D:3      | You fall into a shaft and drop 1 floor!
  1533 | D:4      | Noticed an ice beast
  1534 | D:4      | Noticed Sigmund
  1543 | D:4      | Killed Sigmund
  1543 | D:4      | Reached XP level 6. HP: 10/39 MP: 6/6
  1545 | D:4      | Killed an ice beast
  1920 | D:4      | Reached skill level 5 in Fighting
  1937 | D:4      | Reached XP level 7. HP: 28/44 MP: 7/7
  2789 | D:5      | Entered Level 5 of the Dungeon
  2856 | D:5      | Reached skill level 5 in Armour
  2880 | D:5      | Reached XP level 8. HP: 26/51 MP: 8/8
  3142 | D:5      | Found a staircase to the Ecumenical Temple.
  3219 | Temple   | Entered the Ecumenical Temple
  3325 | D:5      | Reached skill level 5 in Axes
  3384 | D:5      | Found Kuimno Zas's Book Emporium.
  3386 | D:5      | Noticed Grinder
  3393 | D:5      | Killed Grinder
  3808 | D:6      | Reached **** piety under Trog
  4456 | D:7      | Found a radiant altar of Vehumet.
  4479 | D:7      | Found a glowing silver altar of Zin.
  4493 | D:7      | Reached XP level 9. HP: 43/56 MP: 9/9
  4497 | D:7      | Reached skill level 5 in Dodging
  4512 | D:7      | Found a shattered altar of Ashenzari.
  5349 | D:7      | Found a shadowy altar of Dithmenos.
  5926 | D:8      | Reached ***** piety under Trog
  5961 | D:8      | Noticed Pikel
  5972 | D:8      | Killed Pikel
  5972 | D:8      | Reached XP level 10. HP: 35/65 MP: 10/10
  6291 | D:8      | Noticed Psyche
  6307 | D:8      | Killed Psyche
  6669 | D:9      | Noticed Harold
  6690 | D:9      | Killed Harold
  6872 | D:9      | Found a staircase to the Lair.
  7301 | D:9      | Found a runed translucent gate.
  7301 | D:9      | Found a runed translucent gate.
  7302 | D:9      | Found a runed translucent gate.
  7302 | D:9      | Noticed Twasazerg's ghost (novice TeAE)
  7302 | D:9      | Noticed Fang's ghost (novice GrBe)
  7630 | D:9      | Killed Twasazerg's ghost
  7632 | D:9      | Killed Fang's ghost
  7632 | D:9      | Reached XP level 11. HP: 71/71 MP: 11/11
  7667 | D:9      | Got a warped bronze ring
  7674 | D:9      | Identified the ring of Fil Luqu {rElec rC+ rN+ MP+9 Dex+4}
                  | (You found it on level 9 of the Dungeon)
  7698 | D:10     | Entered Level 10 of the Dungeon
  8129 | D:10     | Received a gift from Trog
  8130 | D:10     | Found the +8 demon trident "Rift" {distort, reach+}
  8520 | D:10     | Noticed a two-headed ogre
  8528 | D:10     | Killed a two-headed ogre
  8528 | D:10     | Reached skill level 10 in Fighting
  8588 | D:10     | Killed an unseen horror
  9103 | D:11     | Found a radiant altar of Vehumet.
  9157 | D:11     | Noticed a two-headed ogre
  9176 | D:11     | Killed a two-headed ogre
  9176 | D:11     | Reached skill level 10 in Armour
  9193 | D:11     | Noticed a manticore
  9195 | D:11     | Killed from afar by a manticore

Levels and vault maps discovered:
D:1:      lightli_molten_gateway, layout_rooms, lexackson_kobold_supper
D:2:      layout_rooms, gammafunk_temple_overflow_statue, lemuel_old_faithful
D:3:      layout_loops_corners, overflow_temple_1_default
D:4:      layout_rooms, first_ration, uniq_sigmund
D:5:      layout_basic, minmay_temple_entry_junction_2, serial_shops,
          nicolae_shop_stone, minmay_diced_spiral, uniq_grinder
D:6:      layout_basic, grunt_decor_resistance
D:7:      kennysheep_housing_project, layout_layer_cave,
          grunt_temple_overflow_open, fiery_altar_vehumet,
          nicolae_dithmenos_shadow_blocks
D:8:      layout_loops_cross, uniq_pikel, uniq_psyche
D:9:      layout_cave_pods, erik_lair_orcish_takeover, serial_glass,
          glass_columns_a, glass_columns_a, glass_columns_b, glass_columns_a,
          glass_columns_a, glass_columns_a, glass_columns_c, glass_columns_b,
          gammafunk_ghost_cemetery, lightli_fourway_metalbox, uniq_harold
D:10:     layout_basic
D:11:     layout_stronghold, david_orc_4, basic_altar
Temple:   kb_temple_of_zot

Skill      XL: |  1  2  3  4  5  6  7  8  9 10 11 |
---------------+----------------------------------+-----
Axes           | 3 4 5 7 8 9 |  9.1
Dodging        | 2 3 4 6 7 |  7.7
Armour         | 3 4 5 6 8 9 10 | 10.0
Fighting       | 4 5 6 8 9 10 | 10.7

Action                   |  1- 3 |  4- 6 |  7- 9 | 10-12 || total
-------------------------+-------+-------+-------+-------++-------
Melee: Hand axe          |   151 |   152 |       |       ||   303
       War axe           |       |    11 |   430 |   416 ||   857
Invok: Berserk           |       |     1 |     3 |     5 ||     9
       Trog's Hand       |       |       |     1 |     1 ||     2
       Brothers in Arms  |       |       |       |     2 ||     2
  Use: Scroll            |       |       |    17 |     6 ||    23
 Stab: Distracted        |       |       |       |     1 ||     1
  Eat: Chunk             |       |     5 |    12 |    22 ||    39
       Ration            |       |       |     1 |     2 ||     3
Armor: Animal skin       |     7 |       |       |       ||     7
       Chain mail        |    83 |   124 |   174 |       ||   381
       Crystal plate arm |       |       |   340 |   501 ||   841
Dodge: Dodged            |    78 |    65 |   234 |   170 ||   547
